 Dungeon Crawl Stone Soup version 0.32-a0-913-g739538afd8 (webtiles) character file.

Game seed: 4540250036682262154

53 Doorstop00 the Covered (level 3, -4/24 HPs)
             Began as a Gargoyle Fighter on Apr 8, 2024.
             Killed from afar by Ijyb (13 damage)
             ... with a bolt of acid
             ... on level 3 of the Dungeon.
             The game lasted 00:04:22 (1232 turns).

Doorstop00 the Covered (Gargoyle Fighter)           Turns: 1232, Time: 00:04:22

Health: -4/24      AC:  9    Str: 21    XL:     3   Next: 87%
Magic:  3/3        EV:  7    Int:  8    God:
Gold:   80         SH:  4    Dex:  9    Spells: 2/2 levels left

rFire   . . .        a - +0 flail
rCold   . . .        c - +0 buckler
rNeg    + . .        h - +0 chain mail
rPois   ∞            (no helmet)
rElec   +            (no cloak)
rCorr   .            (no gloves)
SInv    .            i - +0 pair of boots
Will    +....        (no amulet) Stlth
                     b - ring of willpower
HPRegen 0.24/turn    (no ring)
MPRegen 0.08/turn

%: no passive effects
@: corroded
A: sickness immunity, AC +3, negative energy resistance 1, electricity
resistance, torment resistance 1, petrification resistance
a: no special abilities


You were on level 3 of the Dungeon.
You visited 1 branch of the dungeon, and saw 3 of its levels.

You collected 80 gold pieces.

Inventory:

Hand Weapons
 a - a +0 flail (weapon)
Armour
 c - a +0 buckler (worn)
 h - a +0 chain mail (worn)
 i - a +0 pair of boots (worn)
Jewellery
 b - a ring of willpower (left hand)
Scrolls
 j - a scroll of blinking {unknown}
 k - a scroll of enchant weapon {unknown}
 l - a scroll of poison {unknown}
Potions
 d - a potion of might
 e - 2 potions of curing {unknown}
 f - a potion of lignification
 g - a potion of magic {unknown}


   Skills:
 * Level 3.7 Fighting
 * Level 2.7 Maces & Flails
 * Level 3.8 Armour
 * Level 0.7 Dodging
 * Level 3.5 Shields


You had 2 spell levels left.
You didn't know any spells.
Your spell library was empty.

Dungeon Overview and Level Annotations

Branches:
Dungeon (3/15)

Altars:
Beogh

Annotations:
D:3 Ijyb


Innate Abilities, Weirdness & Mutations

You are immune to sickness and miasma.
Your stone body is resilient. (AC +3)
You are immune to poison.
You resist negative energy. (rN+)
You are resistant to electric shocks. (rElec)
You are resistant to unholy torment.
You are immune to petrification.


Message History

Ijyb attacks as she pursues you! Ijyb closely misses you.
Ijyb hits you with a +4 dagger of venom.
The dart slug attacks as it pursues you!
You block the dart slug's attack. Ijyb attacks as she pursues you!
Ijyb hits you with a +4 dagger of venom.
Ijyb stops to study her wand.
Ijyb attacks as she pursues you!
Ijyb hits you with a +4 dagger of venom.
You closely miss Ijyb. Ijyb hits you but does no damage.
You closely miss Ijyb.
Ijyb zaps a wand.
The bolt of acid hits you!
You thump Ijyb!
Ijyb is moderately wounded.
Ijyb hits you but does no damage.
Ijyb hits you with a +4 dagger of venom.
You barely miss Ijyb.
Ijyb is moderately wounded.
Ijyb barely misses you.
You closely miss Ijyb.
Ijyb is moderately wounded.
Ijyb hits you but does no damage.
You hit Ijyb.
Ijyb is heavily wounded.
Ijyb screams, "Me wand stronger than you!"
You block Ijyb's attack.
Ijyb zaps a wand.
The bolt of acid misses you.
You sock Ijyb!
Ijyb is almost dead.
Ijyb zaps a wand.
The bolt of acid hits you but does no damage.
The acid corrodes you!
You hit Ijyb but do no damage.
Ijyb is almost dead.
Ijyb screams, "I no like you!"
Ijyb hits you with a +4 dagger of venom.
You barely miss Ijyb.
Ijyb is almost dead.
Ijyb zaps a wand.
The bolt of acid hits you!
Ouch! That really hurt!
You die...
Ijyb screams, "Time for next experiment!"

#.............# #
#####.#.......#
#.#.#.###.#
#.#.#.###.#
#.........#
#.#.#.########
#...#.........
.#####.###.########
.......@gw.......#
.###########.....#
#.....###..
#..........
####....... .......
###.... .... ...


You could see Ijyb and a dart slug.

Vanquished Creatures
  A ribbon worm (D:2)
  A dart slug (D:1)
  5 bats (D:1)
  5 endoplasms
  3 giant cockroaches
  6 goblins
  A hobgoblin (D:1)
  7 jackals
  A quokka (D:1)
  A ball python (D:1)
  3 frilled lizards
  5 kobolds
  3 rats (D:1)
42 creatures vanquished.

Notes
Turn   | Place    | Note
-------+----------+-------------------------------------------
     0 | D:1      | Doorstop00 the Gargoyle Fighter began the quest for the
                  | Orb.
     0 | D:1      | Reached XP level 1. HP: 14/14 MP: 1/1
    98 | D:1      | Reached XP level 2. HP: 19/19 MP: 2/2
   409 | D:1      | Reached XP level 3. HP: 23/23 MP: 3/3
   541 | D:1      | Found a roughly hewn altar of Beogh.
   579 | D:1      | Found a faded altar of an unknown god.
  1211 | D:3      | Noticed Ijyb
  1232 | D:3      | Killed from afar by Ijyb

Illustrated notes

Levels and vault maps discovered:
D:1:      dpeg_arrival_orchard, layout_basic,
          hellmonk_ecumenical_altar_defaced_shrine
D:2:      layout_basic
D:3:      layout_basic, mainiacjoe_overflow_swirl, uniq_ijyb

Action                     || total
---------------------------++-------
  Melee: Flail             ||   136
    Use: Scroll            ||     2
 Armour: Scale mail        ||    41
         Chain mail        ||    86
  Dodge: Dodged            ||    61
  Block: Buckler           ||    31

Table legend: (Time is in decaauts)
 A = Elapsed time spent in this place.
 B = Non-inter-level travel time spent in this place.
 C = Inter-level travel time spent in this place.
 D = Time resting spent in this place.
 E = Time spent auto-exploring this place.
 F = Levels seen in this place.
 G = Mean time per level.
                   A        B        C        D        E       F      G
               +--------+--------+--------+--------+--------+-----+--------+
         Total |   1272 |   1272 |      0 |      0 |    866 |   3 |  424.0 |
       Dungeon |   1272 |   1272 |      0 |      0 |    866 |   3 |  424.0 |
               +--------+--------+--------+--------+--------+-----+--------+

Top non-repeatable levels by time:
     D:1: 645 daAuts
     D:2: 531 daAuts
     D:3: 95 daAuts
